 Dungeon Crawl Stone Soup version 0.22-a0-307-g2b15929 (webtiles) character file.

676 xccam the Cleaver (level 7, -3/52 HPs)
             Began as a Formicid Fighter on Apr 1, 2018.
             Slain by Duvessa
             ... wielding a +5 short sword of draining
              (6 damage)
             ... on level 5 of the Dungeon.
             The game lasted 00:07:05 (2644 turns).

xccam the Cleaver (Formicid Fighter)                Turns: 2644, Time: 00:07:06

Health: -3/52      AC:  6    Str: 23    XL:     7   Next: 91%
Magic:  7/7        EV:  6    Int:  7    God:
Gold:   292        SH:  7    Dex: 10    Spells: 6/6 levels left

rFire    . . .     SeeInvis +   a - +0 war axe
rCold    . . .     Gourm    .   c - +0 shield
rNeg     . . .     Faith    .   b - +0 scale mail
rPois    .         Spirit   .   (helmet unavailable)
rElec    .         Reflect  .   (no cloak)
rCorr    .         Harm     .   (no gloves)
MR       .....                  (no boots)
Stlth    ..........             (no amulet)
HPRegen  0.17/turn              (no ring)
MPRegen  0.10/turn              (no ring)

@: flying, very slightly contaminated, very heavily drained, invisible
A: permanent stasis, dig shafts and tunnels, four strong arms, antennae 3
a: Dig, Shaft Self


You were on level 5 of the Dungeon.
You were not hungry.

You visited 1 branch of the dungeon, and saw 5 of its levels.

You collected 292 gold pieces.

Inventory:

Hand Weapons
 a - a +0 war axe (weapon)
 m - a +0 club
Armour
 b - a +0 scale mail (worn)
 c - a +0 shield (worn)
 q - a +0 plate armour
Jewellery
 d - an uncursed amulet of regeneration {unknown}
 r - a cursed ring of teleportation {unknown}
Scrolls
 e - 3 scrolls of enchant weapon {unknown}
 h - 2 scrolls of remove curse {unknown}
 j - 6 scrolls of identify {unknown}
 n - 4 scrolls of teleportation {unknown}
 p - a scroll of enchant armour {unknown}
Potions
 g - 2 potions of curing
 i - a potion of agility {unknown}
 k - a potion of invisibility
 l - 2 potions of haste
 o - 2 potions of flight
 s - a potion of degeneration {unknown}
 t - 2 potions of brilliance {unknown}
Comestibles
 f - 10 rations


   Skills:
 - Level 3.2(0.0) Fighting
 + Level 8.3(4.2) Axes
 - Level 3.2(0.0) Armour
 - Level 3.6(0.0) Shields


You had 6 spell levels left.
You didn't know any spells.

Dungeon Overview and Level Annotations

Branches:
Dungeon (5/15)
 Temple: D:4-7

Altars:
Ashenzari
Fedhas
Hepliaklqana
Makhleb
Ru
Trog
Wu Jian
Zin

Shops:
D:4 %

Annotations:
D:5 Duvessa


Innate Abilities, Weirdness & Mutations

You cannot be hasted, slowed, berserked, paralysed or teleported.
You can dig through walls and to a lower floor.
Your four strong arms can wield two-handed weapons with a shield.
You have a pair of large antennae on your head. (SInv)


Message History

You feel better. You block Duvessa's attack.
It was a potion of invisibility.
You fade into invisibility!
Duvessa barely misses you. x2
You are very lightly contaminated with residual magic.
You hit Duvessa.
Duvessa is heavily wounded.
You block Duvessa's attack.
Duvessa hits you with a short sword of draining!
* * * LOW HITPOINT WARNING * * *
You feel drained.
* * * LOW HITPOINT WARNING * * *
You slash Duvessa!
Duvessa is severely wounded.
Duvessa hits you with a short sword of draining.
* * * LOW HITPOINT WARNING * * *
You feel drained.
* * * LOW HITPOINT WARNING * * *
Duvessa hits you with a short sword of draining.
You die...

#≈≈#.⌠.#..#
.#≈≈#...#..#
#≈≈≈≈###...#
≈≈≈≈≈≈.....#
≈≈≈≈≈≈....##
#≈≈≈≈###..#
.#≈≈#...#.#
#≈ #.⌠.#.#
.#≈ #..@#.#
#≈..≈###e)#
..........#
###.#..####
....# #####


You could see Duvessa (berserk).

Vanquished Creatures
  Edmund (D:4)
  A bullfrog (D:4)
  Dowan (D:5)
  A scorpion (D:4)
  2 hounds (D:4)
  An orc wizard (D:3)
  A gnoll shaman (D:4)
  Jessica (D:2)
  4 worker ants
  A howler monkey zombie (D:5)
  4 gnolls (D:4)
  3 adders
  2 worms
  A dart slug (D:2)
  2 leopard geckos (D:2)
  4 orcs (D:3)
  6 giant cockroaches
  15 hobgoblins
  3 jackals (D:3)
  7 kobolds
  4 quokkas
  7 bats
  A frilled lizard (D:2)
  8 goblins
  A quokka zombie (D:5)
  8 rats
90 creatures vanquished.

Notes
Turn   | Place    | Note
-------+----------+-------------------------------------------
     0 | D:1      | xccam the Formicid Fighter began the quest for the Orb.
     0 | D:1      | Reached XP level 1. HP: 18/18 MP: 1/1
    40 | D:1      | Found a shattered altar of Ashenzari.
   215 | D:1      | Reached XP level 2. HP: 16/24 MP: 2/2
   506 | D:1      | You fall through a shaft!
   512 | D:2      | Reached skill level 3 in Axes
   512 | D:2      | Reached XP level 3. HP: 25/29 MP: 3/3
   847 | D:2      | Noticed Jessica
   859 | D:2      | Killed Jessica
   859 | D:2      | Reached skill level 4 in Axes
   859 | D:2      | Reached XP level 4. HP: 15/35 MP: 4/4
   860 | D:2      | Identified Jessica's Collected Works on Necromancy
  1124 | D:3      | Found a bloodstained altar of Trog.
  1182 | D:3      | Reached XP level 5. HP: 34/41 MP: 5/5
  1250 | D:3      | Reached skill level 5 in Axes
  1273 | D:3      | Found a burning altar of Makhleb.
  1273 | D:3      | Found a bloodstained altar of Trog.
  1512 | D:4      | Found Viodatti's Food Emporium.
  1545 | D:4      | Reached XP level 6. HP: 28/47 MP: 6/6
  1548 | D:4      | Reached skill level 6 in Axes
  1889 | D:4      | Found an ornate altar of the Wu Jian Council.
  1956 | D:4      | Reached skill level 7 in Axes
  1956 | D:4      | Reached XP level 7. HP: 44/52 MP: 7/7
  2000 | D:4      | Noticed Edmund
  2007 | D:4      | Killed Edmund
  2139 | D:4      | Reached skill level 8 in Axes
  2391 | D:5      | Entered Level 5 of the Dungeon
  2423 | D:5      | Found a sacrificial altar of Ru.
  2427 | D:5      | Found a hazy altar of Hepliaklqana.
  2427 | D:5      | Found a glowing silver altar of Zin.
  2429 | D:5      | Found a blossoming altar of Fedhas.
  2617 | D:5      | Noticed Dowan
  2619 | D:5      | Noticed Duvessa
  2632 | D:5      | Killed Dowan
  2644 | D:5      | Slain by Duvessa

Vault maps used:
D:1:      dpeg_arrival_fog, ashenzari_altar_1
D:2:      kennysheep_jessica_study
D:3:      gammafunk_temple_overflow_elements, first_ration, bloody_trog
D:4:      cheibrodos_greedy_goblins, kennysheep_mini_moat, serial_shops,
          nicolae_shop_waterfront, uniq_edmund
D:5:      minitemple, nemelex_xobeh_ov_fountains_minmay, fountainhead,
          tgw_kikubaaqudgha, uniq_duvessa

Skill      XL: |  1  2  3  4  5  6  7 |
---------------+----------------------+-----
Axes           | 3 4 5 7 8 |  8.3
Fighting       | |  3.2
Armour         | |  3.2
Shields        | |  3.6

Action                   |  1- 3 |  4- 6 |  7- 9 || total
-------------------------+-------+-------+-------++-------
Melee: War axe           |    98 |   128 |    66 ||   292
  Use: Potion            |       |     1 |     8 ||     9
  Eat: Chunk             |       |     4 |     2 ||     6
Armor: Scale mail        |    42 |    59 |    18 ||   119
Dodge: Dodged            |    26 |    45 |    18 ||    89
Block: Shield            |    49 |    73 |    37 ||   159

Table legend:
 A = Spawn XP
 B = Non-spawn XP
 C = Spawn XP percentage of total XP
 D = Spawn monster count
 E = Non-spawn monster count
 F = Spawn count percentage of total count
 G = Total turns spent on level
                    A         B        C        D         E        F      G
               +---------+---------+-------+---------+---------+-------+---------
         Total |       0 |     966 |   0.0 |       0 |      90 |   0.0 |  2644
               +---------+---------+-------+---------+---------+-------+---------
           D:1 |       0 |      18 |   0.0 |       0 |      12 |   0.0 |   508
           D:2 |       0 |      87 |   0.0 |       0 |      20 |   0.0 |   396
           D:3 |       0 |     142 |   0.0 |       0 |      31 |   0.0 |   594
           D:4 |       0 |     597 |   0.0 |       0 |      23 |   0.0 |   893
           D:5 |       0 |     122 |   0.0 |       0 |       4 |   0.0 |   253
               +---------+---------+-------+---------+---------+-------+---------
